 Dungeon Crawl Stone Soup version 0.29.0-4-gdea44cf6ec (webtiles) character file.

Game seed: 14959059720608271933

67 apoch the Chopper (level 4, -4/40 HPs)
             Began as a Minotaur Berserker on Aug 27, 2022.
             Was a Believer of Trog.
             Slain by a gnoll
             ... wielding a +0 spear
              (5 damage)
             ... on level 2 of the Dungeon.
             The game lasted 00:02:56 (1482 turns).

apoch the Chopper (Minotaur Berserker)              Turns: 1482, Time: 00:02:56

Health: -4/40      AC:  2    Str: 24    XL:     4   Next: 0%
Magic:  3/3        EV: 12    Int:  4    God:    Trog [**....]
Gold:   65         SH:  0    Dex:  9    Spells: 3/3 levels left

rFire   . . .      SeeInvis .   a - +0 hand axe
rCold   . . .      Faith    .   (no shield)
rNeg    . . .      Spirit   .   b - +0 animal skin
rPois   .          Reflect  .   (helmet restricted)
rElec   .          Harm     .   (no cloak)
rCorr   .          Rampage  .   (no gloves)
Will    .....                   (no boots)
Stlth   +.........              (no amulet)
HPRegen 0.13/turn               (no ring)
MPRegen 0.08/turn               (no ring)

@: no status effects
A: horns 2, retaliatory headbutt
a: Renounce Religion, Berserk, Trog's Hand


You were on level 2 of the Dungeon.
You worshipped Trog.
Trog was pleased with you.
You visited 1 branch of the dungeon, and saw 2 of its levels.

You collected 65 gold pieces.

Inventory:

Hand Weapons
 a - a +0 hand axe (weapon)
Missiles
 g - 5 stones (quivered)
Armour
 b - a +0 animal skin (worn)
Scrolls
 e - 2 scrolls of teleportation {unknown}
 f - a scroll of identify {unknown}
Potions
 c - 2 potions of curing {unknown}
 d - a potion of cancellation {unknown}
 h - a potion of degeneration {unknown}
 i - a potion of lignification {unknown}


   Skills:
 - Level 3.7 Fighting
 + Level 5.8 Axes
 - Level 2.5 Armour
 - Level 2.2 Dodging


You had 3 spell levels left.
You didn't know any spells.
Your spell library contained the following spells:

 Spells                   Type           Power      Damage    Failure   Level
 Sandblast                Erth           0%         2d4       50%         1
 Ensorcelled Hibernation  Hex/Ice        0%         N/A       65%         2
 Passwall                 Tmut/Erth      0%         N/A       65%         2
 Dazzling Flash           Conj/Hex       0%         N/A       86%         3
 Spider Form              Tmut/Pois      0%         N/A       86%         3
 Stone Arrow              Conj/Erth      0%         3d7       86%         3
 Anguish                  Hex/Necr       0%         N/A       99%         4
 Agony                    Necr           0%         N/A       100%        5
 Silence                  Hex/Air        0%         N/A       100%        5


Dungeon Overview and Level Annotations

Branches:
Dungeon (2/15)

Altars:


Innate Abilities, Weirdness & Mutations

You have a pair of horns on your head.
You reflexively headbutt those who attack you in melee.


Message History

HP restored.
i - a yellow potion A gnoll comes into view.
It is wielding a +0 whip.
A gnoll is nearby!
The gnoll shouts! 2 gnolls come into view.
The gnoll shouts! x2
You closely miss the gnoll. The gnoll hits you with a +0 whip.
You hit the gnoll but do no damage.
The gnoll hits you from afar with a +0 spear!
You barely miss the gnoll. The gnoll hits you with a +0 whip.
The gnoll barely misses you.
You hit the gnoll but do no damage. You headbutt the gnoll.
The gnoll is lightly wounded.
The gnoll hits you with a +0 whip. The gnoll barely misses you.
You barely miss the gnoll. You headbutt the gnoll!
You kill the gnoll!
Trog accepts your kill. The gnoll completely misses you.
You slash the gnoll! You headbutt the gnoll.
You kill the gnoll!
Trog accepts your kill.
The gnoll hits you from afar with a +0 spear.
You have reached level 4!
You feel stronger. The gnoll hits you with a +0 spear.
* * * LOW HITPOINT WARNING * * *
Items here: )) ††.
You completely miss the gnoll. Your headbutt misses the gnoll.
The gnoll hits you with a +0 spear.
* * * LOW HITPOINT WARNING * * *
You hit the gnoll but do no damage. The gnoll closely misses you.
You hit the gnoll but do no damage. You headbutt the gnoll!
The gnoll is severely wounded.
The gnoll hits you with a +0 spear.
* * * LOW HITPOINT WARNING * * *
You barely miss the gnoll.
The gnoll is severely wounded.
The gnoll hits you with a +0 spear.
You die...

.)........ .##.#.....
.........# ....##...#
.........##
.##...>#...### #######
)#..##.# .....##.....#
....##.# #.....g...#
..####.# #...#@....#
.....#.#####.#..######
.##.......#..##.#
.#........#.# #.###
............# #...#
............#####.###
#..†......#.........#.
...†......####...........
#..†......# #............


You could see a gnoll.

Vanquished Creatures
  2 gnolls (D:2)
  An adder (D:2)
  A worm (D:2)
  6 ball pythons
  7 endoplasms
  A giant cockroach (D:1)
  A hobgoblin (D:2)
  3 kobolds
  2 quokkas
  3 bats
  6 frilled lizards
  5 rats
38 creatures vanquished.

Notes
Turn   | Place    | Note
-------+----------+-------------------------------------------
     0 | D:1      | apoch the Minotaur Berserker began the quest for the Orb.
     0 | D:1      | Reached XP level 1. HP: 19/19 MP: 0/0
   117 | D:1      | Found a faded altar of an unknown god.
   140 | D:1      | Reached skill level 4 in Axes
   342 | D:1      | You fall into a shaft and drop 1 floor!
   352 | D:2      | Reached XP level 2. HP: 27/27 MP: 1/1
   850 | D:1      | Reached ** piety under Trog
  1186 | D:1      | Reached XP level 3. HP: 32/33 MP: 2/2
  1312 | D:2      | Reached skill level 5 in Axes
  1478 | D:2      | Reached XP level 4. HP: 14/40 MP: 3/3
  1481 | D:2      | HP: 1/40 [gnoll/+0 spear (6)]
  1482 | D:2      | Slain by a gnoll

Illustrated notes

Levels and vault maps discovered:
D:1:      doesnt_arrival_eight_statues, layout_basic,
          ebering_ecumenical_altar_webs, minmay_misc_feat_nine_boxes,
          chequers_avenue
D:2:      layout_rooms, basic_altar, chequers_serial_rivers_small_3

Skill      XL: |  1  2  3 |
---------------+----------+-----
Axes           | 4 5 |  5.8
Fighting       | |  3.7
Armour         | |  2.5
Dodging        | |  2.2

Action                   |  1- 3 |  4- 6 || total
-------------------------+-------+-------++-------
Melee: Hand axe          |    77 |     4 ||    81
       Headbutt          |    16 |     1 ||    17
Throw: Stone             |    19 |       ||    19
Armor: Animal skin       |    16 |       ||    16
Dodge: Dodged            |    51 |     1 ||    52
